 Dungeon Crawl Stone Soup version 0.29.1-4-g47bece8355 (webtiles) character file.

Game seed: 18335474635289504788

2327710 FexLirch the Slayer (level 27, 345/345 HPs)
             Began as an Ogre Monk on Dec 10, 2022.
             Was the Champion of Dithmenos.
             Escaped with the Orb
             ... and 4 runes on Dec 12, 2022!
             The game lasted 10:28:38 (68961 turns).

FexLirch the Slayer (Ogre Monk)                    Turns: 68961, Time: 10:28:39

Health: 345/345    AC: 27    Str: 30 (33) XL:     27
Magic:  32/32      EV: 12    Int:  3 (11) God:    Dithmenos [******]
Gold:   3947       SH:  0    Dex: 15      Spells: 16/26 levels left

rFire   + + +      SeeInvis +   M - +9 giant spiked club
rCold   + . .      Faith    .   (shield currently unavailable)
rNeg    + + .      Spirit   .   G - +6 gold dragon scales
rPois   +          Reflect  .   t - +2 hat {Stlth+}
rElec   .          Harm     .   D - +2 cloak {Will+}
rCorr   +          Rampage  .   (gloves unavailable)
Will    +++..                   (boots unavailable)
Stlth   ..........              W - amulet of Vitality {RegenMP++ Regen++}
HPRegen 2.27/turn               q - ring "Obbugh" {rF++ rN+ rCorr}
MPRegen 1.03/turn               I - ring "Icipes" {rN+ Str+4 Slay+5}

@: hasted, wreathed by umbra, studying 2 skills, very quick
A: large, unfitting armour, tough skin 1, horns 1, see invisible, deformed body,
deterioration 1, mutation resistance 1, robust 1
0: Orb of Zot
}: 4/15 runes: serpentine, barnacled, silver, abyssal
a: Renounce Religion, Shadow Step, Shadow Form


You escaped.
You worshipped Dithmenos.
Dithmenos was exalted by your worship.
You visited 11 branches of the dungeon, and saw 49 of its levels.
You visited the Abyss 2 times.
You visited 1 bazaar.
You also visited: Bailey, Gauntlet and Wizlab.

You collected 9983 gold pieces.
You spent 6036 gold pieces at shops.

Inventory:

Hand Weapons
 b - the +5 lochaber axe {reach-cleave, poleaxe}
   (You took it off a vault sentinel on level 5 of the Vaults)

   It can be evoked to extend its reach, and strikes at all foes within reach,
   dealing less damage to those not targeted.
   It uses either Axes or Polearms skill, whichever is higher.
 w - the +8 dagger of Exoneration {flame, rElec rC+ Stlth+}
   (You found it on level 3 of the Dungeon)

   It burns those it strikes, dealing additional fire damage.
   rC:        It protects you from cold.
   rElec:     It insulates you from electricity.
   Stlth:     It makes you more stealthy.
 B - the +6 shortbow "Yridd" {venom, Int+7}
   (You found it on level 2 of the Vaults)

   Any ammunition fired from it poisons the flesh of those it strikes.
   Int:       It affects your intelligence (+7).
 K - a +8 executioner's axe of flaming
 M - a +9 giant spiked club (weapon)
Missiles
 Y - 84 large rocks (quivered)
Armour
 n - the +4 moon troll leather armour {Spirit, Regen++ MP+5}
   (You took it off a moon troll in a wizard's laboratory)

   MP:        It affects your magic capacity (+5).
   Regen:     It increases your rate of health regeneration.
 t - a +2 hat of stealth (worn)
 D - a +2 cloak of willpower (worn)
 E - +3 swamp dragon scales
 G - +6 gold dragon scales (worn)
 J - +3 storm dragon scales {Bai Suzhen}
 L - the +2 cloak "Cynedwam" {Rampage}
   (You bought it in a shop in a bazaar)

   Rampage:   It bestows one free step when moving towards enemies.
 Q - +3 shadow dragon scales
Jewellery
 f - the ring "Fuys" {rN++ Will+ Str+5 Dex-3}
   (You found it in a wizard's laboratory)

   [ring of willpower]

   Str:       It affects your strength (+5).
   Dex:       It affects your dexterity (-3).
   rN:        It greatly protects you from negative energy.
   Will:      It increases your willpower.
 k - a ring of protection from fire
 q - the ring "Obbugh" (left hand) {rF++ rN+ rCorr}
   (You bought it in a shop on level 2 of the Shoals)

   [ring of resist corrosion]

   rF:        It greatly protects you from fire.
   rN:        It protects you from negative energy.
   rCorr:     It protects you from acid and corrosion.
 r - a +4 ring of evasion
 y - a ring of protection from cold
 C - the ring "Taedit" {rN+ MP+9 SInv Stlth+}
   (You found it on level 5 of the Realm of Zot)

   [ring of magical power]

   rN:        It protects you from negative energy.
   MP:        It affects your magic capacity (+9).
   SInv:      It lets you see invisible.
   Stlth:     It makes you more stealthy.
 F - a ring of flight
 H - a +4 ring of protection
 I - the ring "Icipes" (right hand) {rN+ Str+4 Slay+5}
   (You bought it in a shop on level 4 of the Vaults)

   [ring of positive energy]

   Str:       It affects your strength (+4).
   Slay:      It affects your accuracy & damage with ranged weapons and melee
   (+5).
   rN:        It protects you from negative energy.
 N - the amulet of Royalty {rN+ Will++ Regen+}
   (You bought it in a shop on level 2 of the Vaults)

   [amulet of regeneration]

   rN:        It protects you from negative energy.
   Regen:     It increases your rate of health regeneration.
   Will:      It greatly increases your willpower.
 P - the amulet of Starshine {Reflect rC+++ Will- Str+3 Dex-3 SH+5}
   (You found it on level 4 of the Shoals)

   [amulet of reflection]

   It reflects blocked missile attacks.
   Str:       It affects your strength (+3).
   Dex:       It affects your dexterity (-3).
   rC:        It renders you almost immune to cold.
   SH:        It affects your SH (+5).
   Will:      It decreases your willpower.
 T - a ring of willpower
 W - the amulet of Vitality (around neck) {RegenMP++ Regen++}
   (You found it on level 1 of the Vaults)

   [amulet of magic regeneration]

   It increases your rate of magic regeneration.
   Regen:     It increases your rate of health regeneration.
Wands
 a - a wand of acid (17)
 p - a wand of digging (3)
Scrolls
 d - 4 scrolls of silence
 e - 6 scrolls of fear
 g - 2 scrolls of teleportation
 i - 6 scrolls of poison
 j - 4 scrolls of summoning
 S - 2 scrolls of magic mapping
 V - 9 scrolls of fog
 Z - a scroll of torment
Potions
 c - 2 potions of ambrosia
 h - 12 potions of flight
 l - 12 potions of curing
 m - 2 potions of invisibility
 o - 3 potions of haste
 s - 13 potions of mutation
 u - 5 potions of might
 v - 4 potions of resistance
 x - 6 potions of magic
 z - 8 potions of brilliance
 A - 18 potions of lignification
 O - 8 potions of cancellation
 R - a potion of berserk rage
 U - 3 potions of heal wounds
Miscellaneous
 X - a box of beasts


   Skills:
 + Level 25.3 Fighting
 - Level 11.0 Short Blades
 - Level 13.9(19.9) Axes
 + Level 21.1(22.3) Maces & Flails
 + Level 16.4 Armour
 + Level 19.5 Dodging
 - Level 9.3 Stealth
 + Level 15.5 Translocations
 - Level 8.0 Air Magic
 - Level 13.0 Invocations


You had 16 spell levels left.
You knew the following spells:

 Your Spells              Type           Power      Damage    Failure   Level
a - Blink                 Tloc           18%        N/A       2%          2
b - Swiftness             Air            4%         N/A       67%         3
c - Manifold Assault      Tloc           9%         N/A       38%         5

Your spell library contained the following spells:

 Spells                   Type           Power      Damage    Failure   Level
 Gell's Gravitas          Tloc           9%         N/A       4%          3
 Lesser Beckoning         Tloc           9%         N/A       4%          3
 Teleport Other           Tloc           9%         N/A       4%          3
 Portal Projectile        Hex/Tloc       8%         N/A       71%         3
 Shock                    Conj/Air       8%         1d3       86%         1
 Poisonous Vapours        Pois/Air       4%         N/A       94%         2
 Static Discharge         Conj/Air       2%         3-4/arc   94%         2
 Necrotise                Necr           0%         1d4       100%        1
 Sandblast                Erth           0%         2d4       100%        1
 Slow                     Hex            0%         N/A       100%        1
 Ensorcelled Hibernation  Hex/Ice        0%         N/A       100%        2
 Passwall                 Tmut/Erth      0%         N/A       100%        2
 Sublimation of Blood     Necr           0%         N/A       100%        2
 Call Canine Familiar     Summ           0%         N/A       100%        3
 Confusing Touch          Hex            0%         N/A       100%        3
 Conjure Flame            Conj/Fire      0%         6-21      100%        3
 Dazzling Flash           Conj/Hex       0%         N/A       100%        3
 Ignite Poison            Fire/Tmut/Pois 0%         N/A       100%        3
 Stone Arrow              Conj/Erth      0%         3d7       100%        3
 Summon Guardian Golem    Hex/Summ       0%         N/A       100%        3
 Vampiric Draining        Necr           0%         2d6       100%        3
 Anguish                  Hex/Necr       0%         N/A       100%        4
 Corpse Rot               Necr/Pois/Air  1%         N/A       100%        4
 Dispel Undead            Necr           0%         3d6       100%        4
 Hailstorm                Conj/Ice       0%         3d3       100%        4
 Ice Form                 Ice/Tmut       0%         N/A       100%        4
 Leda's Liquefaction      Hex/Erth       0%         N/A       100%        4
 Petrify                  Tmut/Erth      0%         N/A       100%        4
 Sticky Flame             Conj/Fire      0%         2d3       100%        4
 Agony                    Necr           0%         N/A       100%        5
 Freezing Cloud           Conj/Ice/Air   0%         6-21      100%        5
 Irradiate                Conj/Tmut      0%         3d11      100%        5
 Metabolic Englaciation   Hex/Ice        0%         N/A       100%        5
 Silence                  Hex/Air        1%         N/A       100%        5
 Summon Forest            Summ/Tloc      2%         N/A       100%        5
 Summon Mana Viper        Hex/Summ       0%         N/A       100%        5
 Simulacrum               Ice/Necr       0%         N/A       100%        6
 Statue Form              Tmut/Erth      0%         N/A       100%        6
 Summon Cactus Giant      Summ           0%         N/A       100%        6
 Enfeeble                 Hex            0%         N/A       100%        7
 Orb of Destruction       Conj           0%         9d5       100%        7
 Spellforged Servitor     Conj/Summ      0%         N/A       100%        7
 Storm Form               Tmut/Air       1%         N/A       100%        7
 Chain Lightning          Conj/Air       1%         3d1       100%        9
 Fire Storm               Conj/Fire      0%         5d1       100%        9
 Shatter                  Erth           0%         3d5*      100%        9


Dungeon Overview and Level Annotations

Branches:
Dungeon (15/15)            Temple (1/1) D:7            Lair (5/5) D:8
 Shoals (4/4) Lair:2        Snake (4/4) Lair:2        Slime (0/5) Lair:4
    Orc (2/2) D:12            Elf (0/3) Orc:2        Vaults (5/5) D:13
  Crypt (3/3) Vaults:3       Tomb (0/3) Crypt:3      Depths (4/4) D:15
   Hell (visited)             Zot (5/5) Depths:4     Bailey (visited)
 WizLab (visited)         Gauntlet (visited)
    Dis: Hell:1         Geh: Hell:1         Coc: Hell:1         Tar: Hell:1

Altars:
Ashenzari
Cheibriados
Dithmenos
Elyvilon
Fedhas
Gozag
Hepliaklqana
Kikubaaqudgha
Makhleb
Nemelex Xobeh
Okawaru
Qazlal
Ru
Sif Muna
Trog
Uskayaw
Vehumet
Wu Jian
Xom
Yredelemnul
Zin
The Shining One

Shops:
D:3 (   D:12 [   Orc:2 [(=   Shoals:2 =   Shoals:3 :   Shoals:4 [   Snake:2 [([
Vaults:1 ?   Vaults:2 =*:!!   Vaults:4 =

Portals:
Hell: Depths:1 Depths:2 Depths:3 Depths:4
Abyss: Depths:3 Depths:4
Pandemonium: Depths:2
Ziggurat: Depths:4

Annotations:
D:3 exclusion: downstairs
D:4 Duvessa
D:7 3 runed translucent doors, mintfox's ghost, novice TrGl; sanboga's ghost, novice SpEE
D:8 3 runed translucent doors, safid's ghost, novice MiHu
D:9 2 transporters, trench's ghost, novice MiFi
D:11 Fannar
Shoals:3 1 runed translucent door, Jingleheimer's ghost, adept MiGl; Mara
Snake:2 Vashnia


Innate Abilities, Weirdness & Mutations

You are too large for most types of armour.
You have tough skin. (AC +1)
You have a pair of small horns on your head.
You have supernaturally acute eyesight. (SInv)
Armour fits poorly on your strangely shaped body.
Your body sometimes deteriorates upon taking damage.
You are somewhat resistant to further mutation.
You are robust. (+10% HP)


Message History

There is an open door here.
There is an open door here.
You feel yourself slow down.
There is an open door here.
There is an open door here.
A hound comes into view.
There is a stone staircase leading up, spattered with blood here.
The hound barks!
You climb upwards.
Level annotation: exclusion: downstairs
There is a stone staircase leading down here.
There is a stone staircase leading up here.
You climb upwards.
There is a stone staircase leading down here.
There is a stone staircase leading up here.
You climb upwards.
There is a stone staircase leading down here.
HP restored.
You see here a +0 leather armour.
A rust devil comes into view.
You feel yourself speed up. The rust devil hits you.
You hit the rust devil but do no damage.
You headbutt the rust devil, but do no damage.
You bludgeon the rust devil!!
You headbutt the rust devil, but do no damage.
The rust devil is moderately wounded.
Your shadow hits the rust devil but does no damage.
The rust devil hits you.
You barely miss the rust devil. You headbutt the rust devil.
The rust devil is moderately wounded.
You sock the rust devil!
The rust devil is severely wounded.
The rust devil hits you.
You bludgeon the rust devil!!
You kill the rust devil!
Dithmenos accepts your kill.
There is an open door here.
There is a staircase leading out of the dungeon here.
You have escaped!

######### #.......#
### #...@...# ..#
#.......# #.#
#...#...# #.#
#...#...# #.#
#...#...# #.#
#...>...#
#.############.###.##
............##'###+#
###########........#


There were no monsters in sight!

Vanquished Creatures
  2 dread liches
  2 ancient liches
  Mennas (Crypt:3)
  5 orbs of fire
  2 juggernauts
  A pandemonium lord (D:6)
  Parghit (Depths:4)
  2 Killer Klowns (Zot:5)
  Saint Roka (Vaults:3)
  Frederick (Vaults:3)
  Bai Suzhen (Crypt:3)
  9 curse toes
  the Enchantress (Depths:2)
  14 golden dragons
  Nikola (Shoals:3)
  4 bone dragons
  A profane servitor (Zot:2)
  A Brimstone Fiend (Zot:5)
  2 electric golems (Zot:5)
  18 tentacled monstrosities
  5 liches
  27 Orb Guardians
  3 titans
  A moon troll (WizLab)
  3 walking earthen tomes
  2 Executioners
  An acid blob (shapeshifter) (Depths:3)
  8 quicksilver dragons
  Frances (D:14)
  7 ancient champions
  Kirke (D:12)
  10 sphinxes
  17 tentacled starspawn
  A kraken (Shoals:2)
  10 death cobs
  17 shadow dragons
  Polyphemus (Shoals:3)
  8 draconian monks
  12 nagarajas (Snake:4)
  3 revenants
  16 storm dragons
  10 tengu reavers
  7 fire giants
  11 frost giants
  A ghost moth (Zot:3)
  4 draconian knights
  7 draconian scorchers
  10 vault wardens
  A balrug (Zot:5)
  An orc warlord (Vaults:2)
  7 draconian shifters
  Aizul (Lair:2)
  3 ghouls
  3 draconian stormcallers
  An iron dragon (Depths:3)
  An angel (Abyss:4)
  10 draconian annihilators
  19 ironbound preservers
  A reaper (Depths:2)
  2 war gargoyles (WizLab)
  43 very ugly things
  A cacodemon (WizLab)
  3 curse skulls
  4 spriggan defenders
  A quicksilver ooze (Gauntlet)
  5 ironbound thunderhulks
  20 stone giants
  10 vampire knights
  19 green draconians
  The ghost of DandyGuy the Peltast, a journeyman MiBe of Trog (Orc:1)
  A lorocyproca (Abyss:4)
  Azrael (D:13)
  2 deep elf annihilators (Vaults:5)
  18 black draconians
  An entropy weaver (Vaults:4)
  8 dire elephants
  15 purple draconians
  21 white draconians
  A minotaur (Gauntlet)
  11 red draconians
  9 yellow draconians
  2 spark wasps (Depths:4)
  13 ettins
  3 crystal guardians
  7 eidola
  12 fire dragons
  2 deep elf death magi
  4 merfolk javelineers
  5 jiangshi
  Josephine (D:12)
  10 great orbs of eyes
  10 yaktaur captains
  3 deep elf high priests
  2 rakshasas
  3 salamander tyrants (Snake:4)
  7 spriggan air magi
  14 ice dragons
  11 ironbound frosthearts
  2 spriggan skeletons
  33 vault guards
  An ogre mage (Vaults:4)
  11 hydras
  3 boulder beetles
  2 death knights
  A peacekeeper (Vaults:1)
  6 catoblepae
  2 fenstrider witch skeletons
  2 merfolk aquamancers
  11 naga warriors
  6 merfolk avatars
  4 anacondas
  An alligator (Lair:3)
  7 centaur warriors
  Erica (D:8)
  An alligator snapping turtle (Shoals:4)
  5 satyrs
  2 two-headed ogres
  3 tengu warriors
  10 death yaks
  12 spriggan berserkers
  2 hell hogs
  8 deep troll earth magi
  4 shock serpents
  3 deep troll shamans
  10 thrashing horrors (Abyss:4)
  7 vampire magi
  16 naga sharpshooters
  4 orc high priests
  Amaemon (Lair:1)
  7 soul eaters
  6 sun demons
  8 wretched stars (Abyss:4)
  52 deep trolls
  2 sixfirhies
  5 sea snakes
  An orange crystal statue (WizLab)
  4 salamander mystics
  17 skeletal warriors
  A shadow wraith (Crypt:2)
  A death drake (Depths:4)
  7 flayed ghosts
  8 glowing orange brains
  6 iron trolls
  21 ironbound convokers
  3 naga ritualists
  A harpy (Lair:5)
  A lindwurm (shapeshifter) (Abyss:4)
  18 phantasmal warriors
  9 lindwurms
  8 orc knights
  5 deep elf pyromancers
  37 ugly things
  6 mana vipers
  2 orc sorcerers (Orc:1)
  5 necromancers
  9 wizards
  9 fauns
  5 cyclopes
  A tengu zombie (Vaults:1)
  A frost giant zombie (Crypt:2)
  20 salamanders
  11 manticores
  24 moths of wrath
  13 elephants
  A worldbinder (Abyss:4)
  6 merfolk sirens
  An apocalypse crab (Abyss:4)
  A toenail golem (Zot:3)
  3 stone giant skeletons
  35 black mambas
  16 vault sentinels
  A molten gargoyle (D:15)
  2 rust devils
  5 eyes of devastation (WizLab)
  A centaur zombie (Crypt:1)
  14 naga magi
  5 smoke demons
  2 orange demons
  8 water nymphs
  A kobold demonologist (D:11)
  Maggie (D:6)
  A centaur skeleton (Crypt:3)
  A guardian serpent (Snake:2)
  A hellion (Abyss:4)
  11 komodo dragons
  6 rime drakes
  16 cane toads
  3 freezing wraiths
  An unseen horror (D:11)
  An ice devil (D:6)
  32 yaktaurs
  6 ancient zymes (Abyss:4)
  An unseen horror skeleton (Crypt:1)
  A guardian mummy (Zot:1)
  4 tengu conjurers
  2 hellwings (Abyss:4)
  A harpy zombie (Crypt:3)
  A meliai (shapeshifter) (Vaults:5)
  A black draconian skeleton (Crypt:3)
  4 polar bears
  12 merfolk
  Grinder (D:6)
  4 trolls
  6 meliai
  A harpy skeleton (Crypt:3)
  An iron troll skeleton (Crypt:2)
  A bloated husk (Abyss:4)
  8 wind drakes
  An ice dragon zombie (Crypt:1)
  25 slime creatures
  21 raiju (Abyss:4)
  8 hornets
  20 blink frogs
  A snapping turtle (Shoals:4)
  A merfolk zombie (Crypt:1)
  6 dream sheep (Lair:3)
  A stone giant simulacrum (Crypt:1)
  A centaur simulacrum (D:13)
  11 flying skulls
  A fire dragon zombie (Crypt:1)
  An air elemental (Abyss:4)
  An ettin skeleton (Crypt:3)
  2 shadows (D:13)
  38 starcursed masses (Abyss:4)
  8 wyverns
  10 spriggans
  A black mamba zombie (Crypt:3)
  9 wraiths
  5 water elementals
  22 yaks
  2 basilisks
  A ynoxinul (Abyss:4)
  3 fire elementals (D:13)
  2 hogs
  12 golden eyes
  4 neqoxecs
  A redback (shapeshifter) (Vaults:4)
  6 redbacks (Depths:1)
  5 steam dragons
  2 chaos spawn
  An elf simulacrum (Vaults:1)
  5 small abominations (Abyss:4)
  16 large abominations
  13 vampire mosquitoes
  29 nagas
  3 wargs
  2 acid dragons
  A glowing shapeshifter zombie (Crypt:3)
  7 hell hounds
  16 water moccasins
  A cane toad zombie (Crypt:1)
  A naga skeleton (Crypt:1)
  2 black bears
  39 orc warriors
  3 ice beasts
  A black bear (shapeshifter) (D:14)
  A sky beast (D:3)
  A tengu (shapeshifter) (D:14)
  A human zombie (Vaults:1)
  5 ogres
  A dream sheep skeleton (Crypt:1)
  7 wolves
  A snapping turtle skeleton (Crypt:1)
  13 centaurs
  2 phantoms (D:5)
  A shining eye zombie (Crypt:3)
  4 gnoll sergeants
  18 bullfrogs
  4 necrophages
  A yaktaur zombie (Crypt:3)
  7 scorpions
  3 wights
  A water moccasin skeleton (Crypt:2)
  A wyvern skeleton (Crypt:2)
  A queen bee zombie (Crypt:3)
  20 killer bees
  A yak skeleton (Crypt:1)
  6 electric eels
  A howler monkey (D:8)
  2 lava snakes (D:15)
  4 hounds
  14 jellies
  40 orc priests
  A hound (shapeshifter) (Vaults:5)
  A gnoll bouda (D:4)
  A black bear skeleton (Crypt:1)
  A bullfrog skeleton (Crypt:2)
  2 iguanas (D:6)
  Ijyb (D:5)
  34 orc wizards
  An ogre skeleton (Crypt:3)
  A boggart simulacrum (D:14)
  18 gnolls
  5 adders
  4 shadow imps
  3 white imps
  4 ufetubi
  A worm zombie (Crypt:2)
  A worm (D:3)
  A dart slug (D:1)
  90 orcs
  7 endoplasms
  3 giant cockroaches
  6 goblins
  3 hobgoblins
  4 jackals (D:3)
  3 kobolds
  7 quokkas
  8 ball pythons
  2 bats
  A butterfly zombie (Crypt:1)
  5 frilled lizards
  A gnoll skeleton (Crypt:3)
  A hobgoblin skeleton (Crypt:3)
  A kobold skeleton (Crypt:1)
  5 rats
  4 starspawn tentacles
2138 creatures vanquished.

Vanquished Creatures (others)
  A fire giant (Depths:1)
  A black mamba (Snake:1)
  A large abomination (Abyss:4)
  A polar bear (Lair:5)
  A blink frog (shapeshifter) (Abyss:4)
  2 orc warriors (Vaults:1)
  3 orcs
  4 demonic plants (WizLab)
  41 fungi
  321 plants
  23 starspawn tentacles
  4 tentacles (Shoals:2)
  7 withered plants
410 creatures vanquished.

Grand Total: 2548 creatures vanquished

Notes
Turn   | Place    | Note
-------+----------+-------------------------------------------
     0 | D:1      | FexLirch the Ogre Monk began the quest for the Orb.
     0 | D:1      | Reached XP level 1. HP: 24/24 MP: 1/1
   371 | D:1      | Reached XP level 2. HP: 32/32 MP: 2/2
   920 | D:2      | Found a faded altar of an unknown god.
   986 | D:2      | Reached XP level 3. HP: 33/39 MP: 3/3
  1134 | D:3      | Found a shadowy altar of Dithmenos.
  1141 | D:3      | Noticed a sky beast
  1252 | D:3      | Identified the +8 dagger of Exoneration {flame, rElec rC+
                  | Stlth+}
  1491 | D:3      | Became a worshipper of Dithmenos the Shadowed
  1491 | D:3      | Reached * piety under Dithmenos
  1491 | D:3      | Reached ** piety under Dithmenos
  1570 | D:3      | Found Umnolei's Weapon Boutique.
  1582 | D:3      | Reached skill level 1 in Short Blades
  1587 | D:3      | Reached XP level 4. HP: 48/48 MP: 4/4
  1667 | D:4      | Noticed Duvessa
  1683 | D:3      | Found a bloodstained altar of Trog.
  1697 | D:3      | Found a stormy altar of Qazlal.
  1776 | D:4      | Noticed a scorpion
  1787 | D:4      | Noticed a centaur
  1922 | D:4      | Found a glowing golden altar of the Shining One.
  2000 | D:4      | Killed a scorpion
  2001 | D:4      | Reached XP level 5. HP: 48/54 MP: 5/5
  2230 | D:3      | Killed a sky beast
  2231 | D:3      | Reached XP level 6. HP: 51/62 MP: 6/6
  2403 | D:4      | Reached skill level 5 in Short Blades
  2410 | D:5      | Entered Level 5 of the Dungeon
  2636 | D:5      | Reached XP level 7. HP: 70/70 MP: 7/7
  2775 | D:5      | Noticed Ijyb
  2793 | D:5      | Killed Ijyb
  2801 | D:5      | Reached XP level 8. HP: 75/78 MP: 8/8
  2873 | D:6      | Noticed Maggie
  2884 | D:6      | Killed Maggie
  2920 | D:6      | Noticed Grinder
  3313 | D:6      | Found a hide-covered altar of Uskayaw.
  3345 | D:6      | Reached XP level 9. HP: 79/84 MP: 9/9
  3377 | D:6      | Reached *** piety under Dithmenos
  3379 | D:6      | Killed Grinder
  3380 | D:6      | Reached skill level 10 in Short Blades
  3773 | D:7      | Found a flagged portal.
  3779 | D:7      | Reached skill level 1 in Armour
  3887 | Bailey   | Entered a bailey
  3994 | Bailey   | Reached skill level 5 in Fighting
  4461 | Bailey   | Reached XP level 10. HP: 64/98 MP: 10/10
  4476 | Bailey   | Reached skill level 6 in Fighting
  4881 | Bailey   | Reached **** piety under Dithmenos
  5076 | D:7      | Found a staircase to the Ecumenical Temple.
  5082 | Temple   | Entered the Ecumenical Temple
  5639 | D:8      | Noticed safid's ghost (novice MiHu)
  5639 | D:8      | Noticed a ten-headed hydra
  5639 | D:8      | Found a runed translucent gate.
  5639 | D:8      | Found a runed translucent gate.
  5639 | D:8      | Found a runed translucent gate.
  5848 | D:7      | Found a runed translucent gate.
  5848 | D:7      | Found a runed translucent gate.
  5848 | D:7      | Found a runed translucent gate.
  5848 | D:7      | Noticed mintfox's ghost (novice TrGl)
  5848 | D:7      | Noticed sanboga's ghost (novice SpEE)
  6204 | D:8      | Reached skill level 7 in Fighting
  6232 | D:8      | Reached skill level 5 in Dodging
  6384 | D:9      | Reached skill level 5 in Maces & Flails
  6476 | D:9      | Found an ancient bone altar of Kikubaaqudgha.
  6893 | D:10     | Entered Level 10 of the Dungeon
  7082 | D:10     | Found a shimmering blue altar of Sif Muna.
  7094 | D:10     | Identified the +7 long sword of the Silent Majority
                  | {vorpal, rC++}
  7109 | D:10     | Reached XP level 11. HP: 77/109 MP: 11/11
  7408 | D:9      | Found a transporter.
  7413 | D:9      | Noticed trench's ghost (novice MiFi)
  7470 | D:9      | Found a transporter.
  7773 | D:8      | Noticed Erica
  7847 | D:8      | Killed Erica
  7848 | D:8      | Reached skill level 8 in Fighting
  7929 | D:8      | Noticed a two-headed ogre
  7942 | D:8      | Killed a two-headed ogre
  8293 | D:8      | Noticed a green ugly thing
  8803 | D:11     | Noticed Fannar
  9191 | D:10     | Reached skill level 5 in Stealth
  9329 | D:12     | Noticed a cyclops
  9372 | D:12     | Found Wuguf's Antique Armour Boutique.
  9416 | D:12     | Found a gate leading to a gauntlet.
  9427 | D:12     | Noticed a cyan ugly thing
  9436 | Gauntlet | Entered a Gauntlet
  9436 | Gauntlet | Found a transporter.
  9436 | Gauntlet | Found a transporter.
  9436 | Gauntlet | Found a transporter.
  9438 | Gauntlet | Found a transporter.
  9440 | Gauntlet | Found a transporter.
  9452 | Gauntlet | Noticed a quicksilver ooze
  9453 | Gauntlet | Noticed a worldbinder
  9456 | Gauntlet | Found a transporter.
  9457 | Gauntlet | Found a transporter.
  9516 | Gauntlet | Found a transporter.
  9524 | Gauntlet | Noticed a moth of wrath
  9536 | Gauntlet | Found a transporter.
  9541 | Gauntlet | Found a transporter.
  9551 | Gauntlet | Found a transporter.
  9566 | Gauntlet | Found a transporter.
  9675 | Gauntlet | Identified the -1 pair of boots of Orej {rN+}
  9857 | Gauntlet | Killed a quicksilver ooze
  9858 | Gauntlet | Reached skill level 9 in Fighting
  9858 | Gauntlet | Reached skill level 5 in Armour
  9912 | Gauntlet | Noticed a minotaur
  9932 | Gauntlet | Killed a minotaur
  9933 | Gauntlet | Reached XP level 12. HP: 93/123 MP: 12/12
 10399 | D:12     | Noticed Kirke
 10544 | D:11     | Found a shimmering blue altar of Sif Muna.
 10771 | D:13     | Noticed an eight-headed hydra
 10975 | D:12     | Learned a level 2 spell: Blink
 10979 | D:12     | Learned a level 3 spell: Swiftness
 11249 | D:12     | Noticed Josephine
 11273 | D:11     | Reached ***** piety under Dithmenos
 11347 | D:12     | Killed Josephine
 11378 | D:12     | Reached skill level 10 in Fighting
 11404 | D:12     | Found a staircase to the Orcish Mines.
 11464 | D:12     | Killed Kirke
 11465 | D:12     | Reached skill level 1 in Invocations
 11616 | D:13     | Noticed a vault guard
 11616 | D:13     | Noticed a vault guard
 11616 | D:13     | Noticed a vault guard
 12116 | D:8      | Found a staircase to the Lair.
 12134 | Lair:1   | Entered Level 1 of the Lair of Beasts
 12228 | Lair:1   | Noticed Amaemon
 12289 | Lair:1   | Killed Amaemon
 12290 | Lair:1   | Reached XP level 13. HP: 54/135 MP: 14/14
 12442 | Lair:1   | Identified the +5 rapier of Exchange {vorpal, Fragile rF+
                  | Will+ Dex+6}
 13224 | Lair:1   | Reached skill level 11 in Fighting
 13281 | Lair:2   | You are sucked into a shaft and drop 2 floors!
 13718 | Lair:1   | Reached skill level 10 in Maces & Flails
 14171 | Lair:2   | Found a staircase to the Snake Pit.
 14211 | Lair:2   | Found a staircase to the Shoals.
 14887 | Lair:3   | Reached skill level 5 in Invocations
 14893 | Lair:3   | Reached XP level 14. HP: 129/148 MP: 17/17
 15547 | Lair:4   | Reached skill level 12 in Fighting
 15730 | Lair:4   | Found a staircase to the Slime Pits.
 16513 | Lair:5   | Entered Level 5 of the Lair of Beasts
 17500 | Lair:5   | Identified the +1 spear of the Kissing Pill Bug {chaos, Fly
                  | rElec rC+ Will+}
 17874 | Lair:5   | Reached XP level 15. HP: 104/158 MP: 20/20
 18236 | Orc:1    | Entered Level 1 of the Orcish Mines
 18367 | Orc:1    | Found a runed translucent door.
 18371 | Orc:1    | Noticed DandyGuy's ghost (journeyman MiBe)
 18520 | Orc:2    | Entered Level 2 of the Orcish Mines
 18539 | Orc:2    | Reached skill level 1 in Axes
 18698 | D:13     | Reached skill level 13 in Fighting
 18876 | D:13     | Noticed Azrael
 18890 | D:13     | Killed Azrael
 19056 | D:13     | Found a gate to the Vaults.
 19815 | D:13     | Reached ****** piety under Dithmenos
 20177 | D:15     | Entered Level 15 of the Dungeon
 20330 | D:14     | Noticed Frances
 20346 | D:14     | Killed Frances
 20501 | D:14     | Found a glowing silver altar of Zin.
 21479 | D:15     | Found a staircase to the Depths.
 21479 | D:15     | Noticed a fire giant
 21628 | D:15     | Reached skill level 5 in Axes
 21804 | D:15     | Found a white marble altar of Elyvilon.
 22040 | D:15     | Killed a fire giant
 22423 | D:15     | Reached XP level 16. HP: 154/171 MP: 22/22
 22705 | Orc:1    | Reached skill level 10 in Dodging
 22775 | Orc:1    | Killed DandyGuy's ghost
 22964 | Shoals:1 | Entered Level 1 of the Shoals
 23097 | Snake:1  | Entered Level 1 of the Snake Pit
 23504 | Snake:1  | Reached skill level 14 in Fighting
 24566 | Snake:2  | Noticed Vashnia
 24747 | Snake:2  | Found Qaebb's Antique Armour Shop.
 24750 | Snake:2  | Found Kaluacw's Weapon Boutique.
 24752 | Snake:2  | Found Waghiweef's Antique Armour Shop.
 25092 | Snake:2  | HP: 5/174 [naga warrior/+0 short sword of electrocution
                  | (13)]
 26017 | Orc:1    | Gained mutation: Your spells are a little easier to cast,
                  | but a little less powerful. [a neqoxec]
 26021 | Orc:1    | Gained mutation: Your body sometimes deteriorates upon
                  | taking damage. [a neqoxec]
 26537 | Orc:2    | Found Baug Tai's Book Shop.
 26571 | Orc:2    | Found a staircase to the Elven Halls.
 26636 | Orc:2    | Found Bila's Armour Shop.
 26637 | Orc:2    | Found Deasyne's Antique Weapon Boutique.
 26640 | Orc:2    | Found Huiq's Jewellery Boutique.
 27321 | Orc:2    | Bought +0 gold dragon scales for 1040 gold pieces
 27351 | Orc:2    | Lost mutation: Your body sometimes deteriorates upon taking
                  | damage. [potion of mutation]
 27351 | Orc:2    | Lost mutation: Your spells are a little easier to cast, but
                  | a little less powerful. [potion of mutation]
 27351 | Orc:2    | Gained mutation: You are robust. (+10% HP) [potion of
                  | mutation]
 27351 | Orc:2    | Gained mutation: You have supernaturally acute eyesight.
                  | (SInv) [potion of mutation]
 27351 | Orc:2    | Gained mutation: You have a pair of small horns on your
                  | head. [potion of mutation]
 27351 | Orc:2    | Gained mutation: You are somewhat resistant to further
                  | mutation. [potion of mutation]
 27768 | Shoals:2 | Noticed a kraken
 27776 | Shoals:2 | Killed a kraken
 28308 | Shoals:2 | Found Zoifur's Jewellery Boutique.
 28323 | Shoals:2 | Bought the ring "Obbugh" {rF++ rN+ rCorr} for 876 gold
                  | pieces
 28494 | Shoals:3 | Noticed Polyphemus
 28855 | Shoals:3 | Reached XP level 17. HP: 200/200 MP: 24/24
 28915 | Shoals:3 | Identified the +2 pair of gloves of the Gloaming {rF+ Str-4
                  | Int+4}
 28915 | Shoals:3 | Noticed Nikola
 28944 | Shoals:3 | HP: 7/200 [Nikola/arc of chain lightning (48)]
 29110 | Shoals:3 | HP: 10/200 [drowned by a water elemental[a merfolk
                  | aquamancer] (10)]
 29297 | Shoals:3 | Found Sifush's Self-Improvement Boutique.
 29309 | Shoals:3 | Found a runed translucent door.
 29311 | Shoals:3 | Noticed Jingleheimer's ghost (adept MiGl)
 29440 | Shoals:3 | Killed Polyphemus
 29577 | Shoals:4 | Entered Level 4 of the Shoals
 29680 | Shoals:3 | Reached skill level 15 in Fighting
 29960 | Shoals:4 | Found Sameorate's Armour Boutique.
 30114 | Shoals:3 | Noticed Mara
 30122 | Shoals:3 | Noticed FexLirch's illusion
 30295 | Shoals:2 | Reached skill level 10 in Invocations
 30925 | Shoals:3 | Killed Nikola
 31183 | Shoals:4 | Identified the +5 mace of Harmony {vorpal, Fly MP+9}
 31413 | Shoals:4 | Identified the amulet of Starshine {Reflect rC+++ Will-
                  | Str+3 Dex-3 SH+5}
 31510 | Shoals:4 | Got a barnacled rune of Zot
 31641 | Shoals:1 | Noticed Aizul
 31683 | Lair:2   | Killed Aizul
 32183 | Snake:2  | Identified a scroll of acquirement
 32184 | Snake:2  | Acquired 1098 gold pieces
 32227 | Snake:3  | Found a shimmering altar of Xom.
 32310 | Snake:2  | Reached skill level 1 in Translocations
 32861 | Snake:3  | Reached skill level 10 in Axes
 33092 | Snake:3  | Reached skill level 10 in Armour
 33333 | Snake:3  | Reached skill level 15 in Maces & Flails
 33495 | Snake:4  | Entered Level 4 of the Snake Pit
 33496 | Snake:4  | Found a bloodstained altar of Trog.
 33841 | Snake:4  | Reached XP level 18. HP: 200/215 MP: 21/26
 34307 | Snake:4  | Reached skill level 16 in Fighting
 35599 | Snake:4  | Got a serpentine rune of Zot
 36362 | Vaults:1 | Entered Level 1 of the Vaults
 36373 | Vaults:2 | Found Neab's Assorted Antiques.
 36377 | Vaults:2 | Bought a scroll of identify for 72 gold pieces
 36377 | Vaults:2 | Bought a potion of heal wounds for 180 gold pieces
 36377 | Vaults:2 | Bought a scroll of fear for 144 gold pieces
 36442 | Vaults:2 | Found Vireaj's Book Shoppe.
 36456 | Vaults:2 | Found Caicsepe's Distillery.
 36491 | Vaults:2 | Bought a potion of heal wounds for 80 gold pieces
 36491 | Vaults:2 | Bought a potion of curing for 48 gold pieces
 36515 | Vaults:2 | Found Vouck's Distillery.
 36811 | Vaults:2 | Found a magical portal.
 36820 | WizLab   | Entered Lehudib's Moon Base
 36900 | WizLab   | Found a transporter.
 37184 | WizLab   | Got Sif Muna's Monograph on the Atmosphere
 37440 | WizLab   | Reached XP level 19. HP: 224/226 MP: 27/27
 37950 | WizLab   | Reached skill level 5 in Translocations
 38282 | WizLab   | Found a transporter.
 38335 | WizLab   | Reached skill level 17 in Fighting
 38430 | WizLab   | Identified the +4 pair of boots of Nosex {Stlth+}
 38431 | WizLab   | Identified the +9 spear of Giann {vorpal, rPois MP+9}
 38432 | WizLab   | Identified the ring "Fuys" {rN++ Will+ Str+5 Dex-3}
 38560 | Vaults:2 | Found Nyloch's Jewellery Emporium.
 38598 | Vaults:2 | Bought the amulet of Royalty {rN+ Will++ Regen+} for 1048
                  | gold pieces
 38979 | Vaults:3 | Found a staircase to the Crypt.
 39702 | Vaults:1 | Found Uneocvez's Magic Scroll Shop.
 39717 | Vaults:1 | Bought a scroll of blinking for 97 gold pieces
 39717 | Vaults:1 | Bought a scroll of enchant weapon for 97 gold pieces
 39717 | Vaults:1 | Bought a scroll of enchant armour for 97 gold pieces
 39756 | Vaults:1 | Reached XP level 20. HP: 209/240 MP: 28/29
 40511 | Vaults:1 | Reached skill level 1 in Air Magic
 40952 | Vaults:1 | Reached skill level 18 in Fighting
 41171 | Vaults:1 | Found the amulet of Vitality {RegenMP++ Regen++}
 41279 | Vaults:1 | Identified the +1 chain mail of Inaction {Contam +Blink
                  | Int+5}
 41641 | Vaults:2 | Identified the +6 shortbow "Yridd" {venom, Int+7}
 41884 | Vaults:3 | Learned a level 5 spell: Manifold Assault
 41977 | Vaults:3 | Noticed Frederick
 41982 | Vaults:3 | Killed Frederick
 42230 | Vaults:3 | Identified the ring of Mutualism {Drain Fly Will+++ AC+4
                  | Int-3}
 42299 | Vaults:3 | Noticed Saint Roka
 42311 | Vaults:3 | Killed Saint Roka
 42596 | Vaults:4 | Reached XP level 21. HP: 199/254 MP: 29/30
 43020 | Vaults:4 | Found Quboti's Jewellery Boutique.
 43026 | Vaults:4 | Bought the ring "Icipes" {rN+ Str+4 Slay+5} for 958 gold
                  | pieces
 43640 | Crypt:1  | Entered Level 1 of the Crypt
 44156 | Crypt:1  | Reached skill level 19 in Fighting
 44806 | Crypt:1  | Reached skill level 5 in Air Magic
 44982 | Crypt:3  | Entered Level 3 of the Crypt
 44982 | Crypt:3  | Noticed Bai Suzhen
 44985 | Crypt:3  | Killed Bai Suzhen
 45859 | Crypt:2  | Noticed a royal mummy
 45859 | Crypt:2  | Noticed a royal mummy
 46312 | Crypt:3  | Noticed a curse toe
 46315 | Crypt:3  | Killed a curse toe
 46601 | Crypt:3  | Reached XP level 22. HP: 250/268 MP: 31/31
 46622 | Crypt:3  | Noticed Mennas
 46649 | Crypt:3  | Killed Mennas
 47044 | Crypt:3  | Found a staircase to the Tomb.
 47096 | Crypt:3  | Noticed a dread lich
 47096 | Crypt:3  | Noticed an ancient lich
 47372 | Depths:1 | Entered Level 1 of the Depths
 47692 | Depths:1 | Found a gateway to Hell.
 47798 | Depths:1 | Identified the +0 cloak "Qeboelapn" {Str+2}
 47843 | Depths:1 | Found a sparkling altar of Nemelex Xobeh.
 48108 | Hell     | Entered the Vestibule of Hell
 49013 | Depths:2 | Found a hazy altar of Hepliaklqana.
 49156 | Depths:2 | Found a one-way gate leading to the halls of Pandemonium.
 49205 | Depths:2 | Noticed the Enchantress
 49222 | Depths:2 | Reached skill level 15 in Dodging
 49439 | Depths:2 | Found a stormy altar of Qazlal.
 49659 | Depths:3 | Found the +0 pair of fencer's gloves {Riposte Dex+3}
 49743 | Depths:3 | Found a flickering gateway to a bazaar.
 49754 | Bazaar   | Entered a bazaar
 49754 | Bazaar   | Found Yxi Yhon's Antique Armour Emporium.
 49754 | Bazaar   | Found Wifuk's Distillery.
 49754 | Bazaar   | Found Xatyx's Jewellery Shoppe.
 49754 | Bazaar   | Found Koimysh's Antique Weapon Emporium.
 49754 | Bazaar   | Found Xusch's Antique Armour Shoppe.
 49772 | Bazaar   | Bought a transparent cloak for 228 gold pieces
 49772 | Bazaar   | Identified the +2 cloak "Cynedwam" {Rampage} (You bought it
                  | in a shop in a bazaar)
 49774 | Bazaar   | Bought a potion of might for 52 gold pieces
 49774 | Bazaar   | Bought a potion of curing for 39 gold pieces
 49774 | Bazaar   | Bought a potion of heal wounds for 65 gold pieces
 49774 | Bazaar   | Bought a potion of curing for 39 gold pieces
 50193 | Abyss:4  | Cast into level 4 of the Abyss (the Enchantress)
 50505 | Abyss:4  | Reached skill level 20 in Fighting
 50626 | Abyss:4  | Paralysed by an air elemental for 1 turns
 50684 | Abyss:4  | Found a corrupted altar of Lugonu.
 50757 | Abyss:4  | Found a blossoming altar of Fedhas.
 50905 | Abyss:4  | Reached skill level 10 in Translocations
 50945 | Abyss:4  | Found a blossoming altar of Fedhas.
 50948 | Abyss:4  | Found a corrupted altar of Lugonu.
 51072 | Depths:2 | Escaped the Abyss
 51080 | Depths:2 | Killed the Enchantress
 51213 | Depths:2 | Reached XP level 23. HP: 281/281 MP: 32/32
 52269 | Depths:3 | Noticed a golden dragon
 52290 | Depths:3 | Killed a golden dragon
 52642 | Depths:3 | Found a one-way gate to the infinite horrors of the Abyss.
 52698 | Depths:4 | Entered Level 4 of the Depths
 52805 | Depths:3 | Noticed a golden dragon
 52805 | Depths:3 | a shadow dragon changed into a golden dragon
 52811 | Depths:3 | a golden dragon changed into an acid blob
 53165 | Depths:3 | Noticed a golden dragon
 53255 | Depths:3 | Killed a golden dragon
 53824 | Depths:3 | Noticed a juggernaut
 53841 | Depths:3 | Killed a juggernaut
 53842 | Depths:3 | Reached skill level 21 in Fighting
 54223 | Depths:4 | Noticed a juggernaut
 54521 | Depths:4 | Reached XP level 24. HP: 297/297 MP: 32/32
 54775 | Depths:4 | HP: 13/297 [spriggan berserker/+2 flail of protection (14)]
 54788 | Depths:4 | HP: 6/297 [tengu reaver/bolt of lightning (36)]
 54864 | Depths:4 | Noticed Parghit
 55303 | Depths:4 | Killed a juggernaut
 55334 | Depths:4 | Found a one-way gateway to a ziggurat.
 55799 | Vaults:2 | Bought a potion of curing for 48 gold pieces
 55799 | Vaults:2 | Bought a potion of heal wounds for 80 gold pieces
 55799 | Vaults:2 | Bought a potion of curing for 48 gold pieces
 55799 | Vaults:2 | Bought 2 potions of heal wounds for 160 gold pieces
 55826 | Vaults:2 | Bought a potion of curing for 54 gold pieces
 55826 | Vaults:2 | Bought a potion of curing for 54 gold pieces
 55826 | Vaults:2 | Bought a potion of haste for 180 gold pieces
 55826 | Vaults:2 | Bought a potion of curing for 54 gold pieces
 55826 | Vaults:2 | Bought a potion of curing for 54 gold pieces
 55826 | Vaults:2 | Bought a potion of heal wounds for 90 gold pieces
 55826 | Vaults:2 | Bought a potion of curing for 54 gold pieces
 56240 | Vaults:5 | Entered Level 5 of the Vaults
 56934 | Vaults:5 | HP: 12/300 [tengu reaver/bolt of cold (24)]
 57182 | Vaults:5 | Reached skill level 22 in Fighting
 57225 | Vaults:5 | Noticed an ancient lich
 57245 | Vaults:5 | Killed an ancient lich
 57257 | Vaults:5 | Identified the +7 sling "Beetleslayer" {flame, +Blink rElec
                  | rC+ Str-2}
 57556 | Vaults:5 | Got a silver rune of Zot
 58544 | Depths:4 | Reached XP level 25. HP: 310/310 MP: 32/32
 59181 | Depths:4 | Found a gate to the Realm of Zot.
 59304 | Zot:1    | Entered Level 1 of the Realm of Zot
 60127 | Depths:4 | Killed Parghit
 60949 | Zot:2    | Reached skill level 23 in Fighting
 60996 | Zot:2    | Noticed an orb of fire
 61007 | Zot:2    | Killed an orb of fire
 61097 | Zot:2    | Noticed an orb of fire
 61167 | Zot:2    | Killed an orb of fire
 61611 | Abyss:4  | Cast into level 4 of the Abyss (green draconian)
 61651 | Abyss:4  | Paralysed by accursed screaming for 1 turns
 61678 | Abyss:4  | Got an abyssal rune of Zot
 61869 | Abyss:4  | Paralysed by accursed screaming for 1 turns
 61874 | Abyss:4  | Reached XP level 26. HP: 256/326 MP: 32/32
 61891 | Zot:2    | Escaped the Abyss
 62193 | Zot:2    | Reached skill level 15 in Armour
 63856 | Zot:4    | Reached skill level 24 in Fighting
 64857 | Zot:5    | Entered Level 5 of the Realm of Zot
 65489 | Zot:5    | Noticed a Killer Klown
 65490 | Zot:5    | Noticed an orb of fire
 65497 | Zot:5    | Noticed a dread lich
 65643 | Zot:4    | Killed a dread lich
 65683 | Zot:5    | Reached XP level 27. HP: 343/343 MP: 32/32
 65775 | Zot:5    | Gained mutation: Your body sometimes deteriorates upon
                  | taking damage. [an orb of fire]
 65778 | Zot:5    | Gained mutation: Armour fits poorly on your strangely
                  | shaped body. [an orb of fire]
 65916 | Zot:4    | Killed an orb of fire
 66264 | Zot:5    | Noticed an ancient lich
 66295 | Zot:5    | Killed an ancient lich
 66862 | Zot:5    | Reached skill level 15 in Translocations
 66991 | Zot:5    | Identified the ring "Taedit" {rN+ MP+9 SInv Stlth+}
 67701 | Zot:5    | Noticed an orb of fire
 67709 | Zot:5    | Noticed a dread lich
 67718 | Zot:5    | Noticed an orb of fire
 67725 | Zot:5    | Killed an orb of fire
 67726 | Zot:5    | Reached skill level 25 in Fighting
 67732 | Zot:5    | Killed a dread lich
 67948 | Zot:5    | Killed an orb of fire
 68194 | Zot:5    | Got the Orb of Zot
 68537 | Depths:2 | Noticed Ewank the pandemonium lord
 68757 | D:6      | Noticed Cuichomuo the pandemonium lord
 68790 | D:6      | Killed Cuichomuo the pandemonium lord
 68961 | D:$      | Escaped with the Orb!

Illustrated notes

Levels and vault maps discovered:
D:1:      heliophobic_arrival_battle_scene, layout_loops_ring
D:2:      layout_basic, ebering_ecumenical_altar_mist,
          chequers_serial_rivers_marsh
D:3:      layout_loops_ring, grunt_dithmenos_smoke_and_mirrors,
          mainiacjoe_overflow_swirl, serial_shops, shop_statue, corexii_shack,
          minmay_strange_pillars
D:4:      nicolae_cairo_tiling_large, layout_layer_cave, tso_metal_star,
          uniq_duvessa, uniq_edmund
D:5:      layout_cave_pools, kennysheep_nondescript, st_stairs_5, uniq_ijyb
D:6:      layout_rooms, nicolae_uskayaw_murder_on_the_dancefloor, uniq_maggie,
          uniq_grinder
D:7:      layout_loops_ring, minmay_temple_entry_proselytizer, enter_bailey_8,
          gammafunk_ghost_cemetery, minmay_between
D:8:      minmay_chambers_of_sevens, layout_basic, dpeg_oklobed_lair,
          serial_aquarium, aquarium_bridge_square [aquarium_subvault_bridge,
          aquarium_subvault_balcony, aquarium_subvault_bridge,
          aquarium_subvault_wall], aquarium_window_fake, aquarium_window_1,
          aquarium_window_corridor_1, aquarium_view_2e, aquarium_view_2f,
          aquarium_balcony_1a, gammafunk_ghost_hydra_chop, uniq_erica
D:9:      layout_loops_ring, kiku_gazebo_garden_becter, gammafunk_ghost_arena
D:10:     layout_basic, mainiacjoe_overflow_small_starburst
D:11:     layout_roguey, nicolae_sif_muna_little_library, uniq_fannar
D:12:     layout_rooms, erik_orc_4, gauntlet_entry_generic, serial_shops,
          nicolae_shop_advertising_works [nicolae_subvault_shop_adworks],
          corexii_leaking_fountain, uniq_josephine, uniq_kirke
D:13:     minmay_the_grid_triangle_9x9_recursive_3_mashed
          [minmay_the_grid_triangle_9x9_limited_checkers,
          minmay_the_grid_triangle_9x9_steps,
          minmay_the_grid_triangle_9x9_wacky_v,
          minmay_the_grid_triangle_9x9_prize_insulated,
          minmay_the_grid_triangle_9x9_warning,
          minmay_the_grid_triangle_9x9_zippers_horizontal,
          minmay_the_grid_triangle_9x9_odd_lines,
          minmay_the_grid_triangle_9x9_shrine,
          minmay_the_grid_triangle_9x9_pentomino_pain], layout_long_grid,
          erik_vaults_2, uniq_azrael
D:14:     layout_stronghold, hangedman_glass_teeth, zin_treasury, uniq_frances
D:15:     grunt_enter_depths_giant_problem, layout_gridville,
          grunt_decor_junction, elyvilon_altar_5
Temple:   regret_index_temple_generic_petals
Lair:1:   layout_loops_ring, serial_bayou_lagoon_b, grunt_megastairs_1,
          serial_bayou_shore_a, uniq_amaemon
Lair:2:   layout_big_grid, shoals_dummy_entry, minmay_snake_entry_six_corridors,
          eino_house_with_fridge, infiniplex_staircase_pool
Lair:3:   layout_regular_city, nicolae_lair_lakeside_cave
Lair:4:   layout_regular_city, minmay_slime_entry_jelly_boxes
Lair:5:   gammafunk_lair_ancient_temple, layout_regular_city,
          serial_bayou_lagoon_a
Shoals:1: layout_shoals, uniq_aizul, uniq_roxanne
Shoals:2: layout_shoals, serial_shops, nicolae_shop_window_shopping
Shoals:3: nzn_motion_control, layout_shoals, gammafunk_ghost_grave,
          serial_shops, shop, nicolae_shop_self_help, uniq_nikola, uniq_mara,
          uniq_polyphemus
Shoals:4: shoals_end_grunt_garden, layout_shoals, serial_shops, shop_statue
Snake:1:  hangedman_cross_stitches, layout_basic,
          nicolae_snake_gridmaze_entwining, serial_bayou_shore_b
Snake:2:  layout_grid_shapes, minmay_shop_star, grunt_megastairs_3, uniq_vashnia
Snake:3:  layout_layer_cave, basic_altar
Snake:4:  grunt_snake_rune_spirals, layout_onion, basic_altar
Orc:1:    layout_caves, basic_altar, ebering_ghost_inner_flame
Orc:2:    st_orc_mages, layout_caves
Vaults:1: vaults_dpeg_ring, nicolae_vaults_theta, nicolae_vaults_network_square,
          ontoclasm_vaults_twist, hangedman_vaults_capsules,
          nicolae_vaults_specimen_jars, nicolae_vaults_rhombus_5,
          nicolae_vaults_little_squares_6, v_misc_27, v_misc_32,
          nicolae_vaults_angled_halls, vaults_dpeg_cross,
          layout_vaults_big_room, serial_shops,
          nicolae_shop_competitors_out_of_business
Vaults:2: mu_enter_wizlab_5, v_misc_12, vaults_standard_mumra_lines,
          nicolae_vaults_network_periphery, v_misc_16, nicolae_vaults_triangles,
          v_alt_pattern_1, grunt_vaults_diagonal, layout_vaults_quadrants,
          serial_shops, shop, nicolae_shop_trees, nicolae_shop_hallway_stairs,
          shop, nicolae_shop_competitors_out_of_business
Vaults:3: nicolae_vaults_network_star, grunt_vaults_focal,
          vaults_room_hangedman_quadrants, minmay_crypt_entry_simple_round,
          vaults_room_grid, vaults_room_stairs_pillars, v_rooms_6,
          dpeg_vaults_monster_box, nicolae_vaults_three_branches,
          vaults_room_octagon, hangedman_vaults_unwind, v_misc_27,
          nicolae_vaults_little_squares_2, vaults_mumra_chevron_long,
          layout_vaults_maze, uniq_frederick, uniq_saint_roka
Vaults:4: nicolae_vaults_angled_halls, hangedman_vaults_restitches,
          ontoclasm_vaults_idyll, grunt_vaults_hallway_short,
          vaults_dpeg_encased_lava, v_rooms_4, ontoclasm_vaults_loading_screen,
          nicolae_vaults_mini_display_case, nicolae_vaults_display_case,
          layout_vaults_omnibox, serial_shops, nicolae_diamond_shop
Vaults:5
Crypt:1:  layout_catacombs, grunt_crypt_arrival_split
Crypt:2:  layout_misc_corridors, serial_glass, glass_columns_b, glass_columns_b,
          glass_columns_b, glass_columns_a, glass_columns_b, glass_columns_b,
          minmay_misc_feat_hallway, roderic_lattice_octagonal_star,
          lemuel_elevator, uniq_khufu
Crypt:3:  david_glass_crypt, layout_gridlike, nicolae_tomb_entry_rubble_hallway,
          amcnicky_mini_corridor_feature, fountainhead, minivault_14,
          minmay_misc_feat_five, uniq_mennas, uniq_bai_suzhen
Depths:1: layout_roguey, minmay_misc_feat_enclosed, hell_entry,
          minmay_fountain_box, st_stairs_3, hangedman_abyss_or_decor_passed,
          drop_trap, minmay_misc_feat_iff, grunt_ministairs_14,
          nemelex_diamond_rough_becter
Depths:2: hourglass_vault, layout_basic, nicolae_qazlal_eye_of_the_storm,
          grunt_hell_entry_dis_old, rand_demon_pan_entry_8,
          minmay_misc_feat_square, nicolae_hepliaklqana_hippocampus,
          infiniplex_staircase_star, uniq_enchantress
Depths:3: kennysheep_large_vault, layout_gridville, serial_shops, bzr_firewalk,
          minmay_hedge_maze, abyss_entry, hell_entry, serial_bayou_shore_b
Depths:4: lemuel_castle_with_subvaults [lemuel_castle_interior_carwin_3],
          layout_cave_shapes, enter_ziggurat_c, abyss_entry, hell_entry,
          minmay_misc_feat_roman, uniq_parghit, uniq_josephina
Hell
Zot:1:    hangedman_snap_crack_crunch, layout_onion_interference
Zot:2:    layout_onion_interference, st_stairs_6, grunt_megastairs_5
Zot:3:    layout_twisted_circle
Zot:4:    layout_misc_corridors
Zot:5:    layout_gridville

Skill      XL: |  1  2  3  4  5  6  7  8  9 10 11 12 13 14 15 16 17 18 19 20 21 22 23 24 25 26 27 |
---------------+----------------------------------------------------------------------------------+-----
Maces & Flails | 3 4 5 7 9 10 11 12 13 15 16 17 18 19 20 21 | 21.1
Short Blades   | 1 2 4 5 7 9 10 11 | 11.0
Dodging        | 3 5 6 7 8 9 10 11 13 14 15 16 17 18 19 | 19.5
Armour         | 2 3 5 6 7 8 9 10 11 12 13 14 15 16 | 16.4
Stealth        | 2 4 5 6 7 8 9 |  9.3
Fighting       | 5 7 9 10 11 12 13 14 15 16 17 18 19 20 21 22 23 24 25 | 25.3
Invocations    | 2 5 6 8 9 10 11 12 13 | 13.0
Axes           | 5 8 10 12 13 | 13.9
Translocations | 2 4 6 7 9 10 11 12 13 14 15 | 15.5
Air Magic      | 3 6 7 8 |  8.0

Action                   |  1- 3 |  4- 6 |  7- 9 | 10-12 | 13-15 | 16-18 | 19-21 | 22-24 | 25-27 || total
-------------------------+-------+-------+-------+-------+-------+-------+-------+-------+-------++-------
Melee: Mace              |    82 |       |       |       |       |       |       |       |       ||    82
       Punch             |     2 |     1 |     5 |    20 |     8 |     4 |       |     4 |     1 ||    45
       Dagger            |    18 |    99 |   282 |   846 |   323 |    95 |    90 |    38 |    61 ||  1852
       Dire flail        |       |       |       |   137 |  1122 |   387 |       |       |       ||  1646
       Executioner's axe |       |       |       |       |   150 |    23 |   118 |   104 |    68 ||   463
       Long sword        |       |       |       |       |    10 |       |       |       |       ||    10
       Giant spiked club |       |       |       |       |     1 |   870 |   812 |  1115 |   626 ||  3424
       Headbutt          |       |       |       |       |       |   193 |   301 |   382 |   333 ||  1209
       Rapier            |       |       |       |       |       |       |    23 |     6 |       ||    29
       Lochaber axe      |       |       |       |       |       |       |       |       |   345 ||   345
       Unarmed           |       |       |       |       |       |       |       |       |     8 ||     8
 Fire: Shortbow          |       |       |       |    46 |    26 |    63 |    12 |    49 |    29 ||   225
       Arbalest          |       |       |       |       |       |    27 |       |       |       ||    27
Throw: Boomerang         |     2 |     2 |       |       |       |       |       |       |       ||     4
       Dart              |     2 |     6 |     4 |     1 |       |       |       |       |       ||    13
       Stone             |       |     3 |       |     1 |       |       |       |       |       ||     4
       Large rock        |       |       |       |       |       |       |     1 |     5 |     6 ||    12
 Cast: Blink             |       |       |       |       |       |       |     1 |     2 |     2 ||     5
       Swiftness         |       |       |       |       |       |       |       |     2 |     2 ||     4
       Manifold Assault  |       |       |       |       |       |       |       |     1 |     3 ||     4
Invok: Shadow Step       |       |       |     2 |     5 |    11 |     7 |     7 |     3 |    10 ||    45
       Shadow Form       |       |       |       |       |       |     1 |       |       |     1 ||     2
Evoke: Wand              |       |       |       |       |     2 |     1 |       |     3 |     1 ||     7
       Piece from Xom's  |       |       |       |       |     1 |     3 |       |       |       ||     4
  Use: Scroll            |     2 |     2 |     7 |     9 |     7 |    29 |     7 |    16 |    17 ||    96
       Potion            |       |       |       |     3 |     4 |    21 |       |    16 |    10 ||    54
 Stab: Sleeping          |     6 |     5 |     6 |    18 |    28 |    44 |    82 |    15 |    39 ||   243
       Distracted        |       |       |       |     1 |     3 |    13 |     7 |    11 |     4 ||    39
       Petrified         |       |       |       |       |       |     7 |       |       |       ||     7
       Invisible         |       |       |       |       |       |     1 |       |       |       ||     1
Armor: Robe              |    43 |    19 |    15 |       |       |       |       |       |       ||    77
       Swamp dragon scal |       |       |    97 |   377 |   658 |   490 |    23 |       |       ||  1645
       Fire dragon scale |       |       |       |       |    16 |     8 |       |       |       ||    24
       Troll leather arm |       |       |       |       |       |       |   216 |       |       ||   216
       Shadow dragon sca |       |       |       |       |       |       |   127 |   726 |   376 ||  1229
       Gold dragon scale |       |       |       |       |       |       |       |       |   351 ||   351
       Skin              |       |       |       |       |       |       |       |       |     1 ||     1
Dodge: Dodged            |    52 |    39 |   135 |   415 |  1056 |   952 |   726 |   750 |   592 ||  4717
Block: Other             |       |       |       |       |       |       |       |     3 |       ||     3
